MLB
MILWAUKEE BREWERS @ TORONTO BLUE JAYS
10/08/2098
 
TOP OF THE 1ST
Milwaukee Brewers batting - Pitching for Toronto Blue Jays : LHP Curtis Moore
Pitching: LHP Curtis Moore
Batting: RHB Byron Weaver 0-0: Ball
1-0: SINGLE (Line Drive, 7LS, EV 105.6 MPH)
Batting: RHB Joe Hardie 0-0: Called Strike
0-1: SINGLE (Groundball, 34D, EV 100.6 MPH)
Byron Weaver to second
Runner from 2nd tries for 3rd, SAFE, throw by RF made to third
Batting: LHB Alex Cruz 0-0: Ball
1-0: Grounds into double play, 4-6-3 (Groundball, 4, EV 86.3 MPH)
Byron Weaver scores
Batting: RHB Johnny Curet 0-0: Ball
1-0: Fly out, F9 (Flyball, 89D, EV 110.0 MPH)
Top of the 1st over - 1 run, 2 hits, 0 errors, 0 left on base; Milwaukee 1 - Toronto 0
BOTTOM OF THE 1ST
Toronto Blue Jays batting - Pitching for Milwaukee Brewers : LHP Marshall Brice
Pitching: LHP Marshall Brice
Batting: LHB Collin Coleman 0-0: Ground out U3 (Groundball, 3, EV 87.5 MPH)
Batting: RHB Victor Ramirez 0-0: Foul Ball, location: 9LDF
0-1: Foul Ball, location: 2F
0-2: Strikes out swinging
Batting: RHB Greg Whitaker 0-0: Ground out 6-3 (Groundball, 6, EV 100.6 MPH)
Bottom of the 1st over - 0 runs, 0 hits, 0 errors, 0 left on base; Milwaukee 1 - Toronto 0
TOP OF THE 2ND
Milwaukee Brewers batting - Pitching for Toronto Blue Jays : LHP Curtis Moore
Batting: SHB Roberto Lima 0-0: Ball
1-0: Called Strike
1-1: Called Strike
1-2: Foul Ball, location: 5DF
1-2: Ball
2-2: Strikes out swinging
Batting: LHB Chris Marcheski 0-0: Foul Ball, location: 23F
0-1: Ball
1-1: Ball
2-1: Foul Ball, location: 2F
2-2: Fly out, F9 (Flyball, 9S, EV 90.6 MPH)
Batting: RHB Tyler Naberhaus 0-0: Foul Ball, location: 5FF
0-1: Ball
1-1: Fly out, F7 (Flyball, 7D, EV 96.3 MPH)
Top of the 2nd over - 0 runs, 0 hits, 0 errors, 0 left on base; Milwaukee 1 - Toronto 0
BOTTOM OF THE 2ND
Toronto Blue Jays batting - Pitching for Milwaukee Brewers : LHP Marshall Brice
Batting: SHB Dennis Desper 0-0: Ball
1-0: Swinging Strike
1-1: Ball
2-1: Ball
3-1: Base on Balls
Batting: RHB Ricky Ulloa 0-0: Fly out, F8 (Flyball, 8LXD, EV 88.8 MPH)
Batting: RHB Danny Daugherty 0-0: Called Strike
0-1: Swinging Strike
0-2: Ball
1-2: Foul Ball, location: 7LMF
1-2: Foul Ball, location: 2RF
1-2: Strikes out looking
Batting: RHB Josh Sherman 0-0: Fly out, F7 (Line Drive, 78M, EV 102.5 MPH)
Bottom of the 2nd over - 0 runs, 0 hits, 0 errors, 1 left on base; Milwaukee 1 - Toronto 0
TOP OF THE 3RD
Milwaukee Brewers batting - Pitching for Toronto Blue Jays : LHP Curtis Moore
Batting: RHB Josh Merklin 0-0: Ground out 6-3 (Groundball, 6, EV 105.0 MPH)
Batting: RHB Joey Ballard 0-0: Ball
1-0: Swinging Strike
1-1: Called Strike
1-2: Strikes out swinging
Batting: RHB Byron Weaver 0-0: Ball
1-0: Fly out, F8 (Line Drive, 8LD, EV 88.8 MPH)
Top of the 3rd over - 0 runs, 0 hits, 0 errors, 0 left on base; Milwaukee 1 - Toronto 0
BOTTOM OF THE 3RD
Toronto Blue Jays batting - Pitching for Milwaukee Brewers : LHP Marshall Brice
Batting: RHB Brian Jones 0-0: Ball
1-0: Foul Ball, location: 25FF
1-1: Fly out, F7 (Flyball, 7LMF, EV 110.0 MPH)
Batting: RHB Jake Kidd 0-0: Fly out, F9 (Flyball, 9S, EV 85.0 MPH)
Batting: LHB Collin Coleman 0-0: Called Strike
0-1: DOUBLE (Line Drive, 9LS, EV 103.1 MPH)
Batting: RHB Victor Ramirez 0-0: Ball
1-0: Swinging Strike
1-1: Foul Ball, location: 9LSF
1-2: Strikes out swinging
Bottom of the 3rd over - 0 runs, 1 hit, 0 errors, 1 left on base; Milwaukee 1 - Toronto 0
TOP OF THE 4TH
Milwaukee Brewers batting - Pitching for Toronto Blue Jays : LHP Curtis Moore
Batting: RHB Joe Hardie 0-0: Ball
1-0: Foul Ball, location: 2F
1-1: Ground out U3 (Groundball, 34, EV 105.0 MPH)
Batting: LHB Alex Cruz 0-0: Called Strike
0-1: Ball
1-1: Called Strike
1-2: Ball
2-2: Strikes out swinging
Batting: RHB Johnny Curet 0-0: Foul Ball, location: 2F
0-1: Fly out, F8 (Flyball, 8RD, EV 90.6 MPH)
Top of the 4th over - 0 runs, 0 hits, 0 errors, 0 left on base; Milwaukee 1 - Toronto 0
BOTTOM OF THE 4TH
Toronto Blue Jays batting - Pitching for Milwaukee Brewers : LHP Marshall Brice
Batting: RHB Greg Whitaker 0-0: Swinging Strike
0-1: Ball
1-1: Ball
2-1: Called Strike
2-2: Foul Ball, location: 7LSF
2-2: Ball
3-2: Foul Ball, location: 2F
3-2: Foul Ball, location: 5SF
3-2: Foul Ball, location: 5FF
3-2: Fly out, F4 (Popup, 4S, EV 80.0 MPH)
Batting: SHB Dennis Desper 0-0: Called Strike
0-1: Called Strike
0-2: Ball
1-2: Ball
2-2: Ball
3-2: Foul Ball, location: 2F
3-2: SINGLE (Groundball, 5D, EV 99.4 MPH)
Batting: RHB Ricky Ulloa 0-0: Called Strike
0-1: SINGLE (Groundball, 5D, EV 100.6 MPH)
Dennis Desper to second
Batting: RHB Danny Daugherty 0-0: Foul Ball, location: 5F
0-1: Ball
1-1: Ball
2-1: Foul Ball, location: 2F
2-2: Ball
3-2: Foul Ball, location: 5SF
3-2: Foul Ball, location: 2F
3-2: 3-RUN HOME RUN (Flyball, 8LXD, EV 99.4 MPH), Distance : 419 ft
Batting: RHB Josh Sherman 0-0: Ground out 5-3 (Groundball, 56, EV 90.6 MPH)
Batting: RHB Brian Jones 0-0: Fly out, F8 (Flyball, 78S, EV 76.3 MPH)
Bottom of the 4th over - 3 runs, 3 hits, 0 errors, 0 left on base; Milwaukee 1 - Toronto 3
TOP OF THE 5TH
Milwaukee Brewers batting - Pitching for Toronto Blue Jays : LHP Curtis Moore
Batting: SHB Roberto Lima 0-0: Ball
1-0: Ball
2-0: Swinging Strike
2-1: Ball
3-1: Fly out, F7 (Flyball, 78M, EV 90.6 MPH)
Batting: LHB Chris Marcheski 0-0: Ball
1-0: Ball
2-0: Ball
3-0: Base on Balls
Batting: RHB Tyler Naberhaus 0-0: Foul Ball, location: 2F
0-1: Ball
1-1: Ball
2-1: Fielders Choice at 2nd, 1-4 (Groundball, 15, EV 68.1 MPH)
Batting: RHB Josh Merklin 0-0: Ball
1-0: Called Strike
1-1: Called Strike
1-2: Strikes out looking
Top of the 5th over - 0 runs, 0 hits, 0 errors, 1 left on base; Milwaukee 1 - Toronto 3
BOTTOM OF THE 5TH
Toronto Blue Jays batting - Pitching for Milwaukee Brewers : LHP Marshall Brice
Batting: RHB Jake Kidd 0-0: Ball
1-0: Ball
2-0: DOUBLE (Line Drive, 8RXD, EV 98.8 MPH)
Batting: LHB Collin Coleman 0-0: Ball
1-0: Ball
2-0: Called Strike
2-1: Foul Ball, location: 7LDF
2-2: Foul Ball, location: 2F
2-2: Strikes out swinging
Batting: RHB Victor Ramirez 0-0: SINGLE (Groundball, 4MD, EV 100.0 MPH)
Jake Kidd to third
Batting: RHB Greg Whitaker 0-0: Called Strike
0-1: Ball
1-1: Ball
2-1: Ball
3-1: SINGLE (Line Drive, 4MD, EV 95.0 MPH)
Jake Kidd scores
Victor Ramirez to second
Batting: SHB Dennis Desper 0-0: Ball
1-0: Foul Ball, location: 2RF
1-1: Ball
2-1: Fly out, F9 (Flyball, 89M, EV 86.9 MPH)
Batting: RHB Ricky Ulloa 0-0: Fly out, F7 (Flyball, 7LD, EV 102.5 MPH)
Bottom of the 5th over - 1 run, 3 hits, 0 errors, 2 left on base; Milwaukee 1 - Toronto 4
TOP OF THE 6TH
Milwaukee Brewers batting - Pitching for Toronto Blue Jays : LHP Curtis Moore
Batting: RHB Joey Ballard 0-0: Ball
1-0: Ground out 6-3 (Groundball, 6S, EV 78.1 MPH)
Batting: RHB Byron Weaver 0-0: Ball
1-0: Called Strike
1-1: Foul Ball, location: 3DF
1-2: Strikes out swinging
Batting: RHB Joe Hardie 0-0: Called Strike
0-1: SINGLE (Groundball, 4MD, EV 94.4 MPH)
Batting: LHB Alex Cruz 0-0: Foul Ball, location: 9LMF
0-1: Called Strike
0-2: Strikes out looking
Top of the 6th over - 0 runs, 1 hit, 0 errors, 1 left on base; Milwaukee 1 - Toronto 4
BOTTOM OF THE 6TH
Toronto Blue Jays batting - Pitching for Milwaukee Brewers : LHP Marshall Brice
Batting: RHB Danny Daugherty 0-0: Ball
1-0: Foul Ball, location: 7LMF
1-1: Swinging Strike
1-2: Ball
2-2: Fly out, F8 (Flyball, 8LD, EV 106.3 MPH)
Batting: RHB Josh Sherman 0-0: SINGLE (Groundball, 56S, EV 67.5 MPH) (infield hit)
Batting: RHB Brian Jones 0-0: Fly out, F9 (Flyball, 9D, EV 103.8 MPH)
Batting: RHB Jake Kidd Pickoff Throw to First - Out! 1-3
Bottom of the 6th over - 0 runs, 1 hit, 0 errors, 0 left on base; Milwaukee 1 - Toronto 4
TOP OF THE 7TH
Milwaukee Brewers batting - Pitching for Toronto Blue Jays : LHP Curtis Moore
Batting: RHB Johnny Curet 0-0: Swinging Strike
0-1: Fly out, F9 (Flyball, 9S, EV 86.3 MPH)
Batting: SHB Roberto Lima 0-0: Ball
1-0: Ball
2-0: Called Strike
2-1: Swinging Strike
2-2: Strikes out looking
Pinch Hitting: SHB Jamie Saxton 0-0: Ball
1-0: Foul Ball, location: 25F
1-1: Foul Ball, location: 5F
1-2: Ball
2-2: Strikes out swinging
Top of the 7th over - 0 runs, 0 hits, 0 errors, 0 left on base; Milwaukee 1 - Toronto 4
BOTTOM OF THE 7TH
Toronto Blue Jays batting - Pitching for Milwaukee Brewers : LHP Marshall Brice
Now at 1B: Johnny Curet
Now at 3B: Jamie Saxton
Batting: RHB Jake Kidd 0-0: Ball
1-0: Called Strike
1-1: Ball
2-1: Called Strike
2-2: Foul Ball, location: 23FF
2-2: Foul Ball, location: 2F
2-2: Ground out 6-3 (Groundball, 56, EV 84.4 MPH)
Pitching: RHP Bob McDonald
Batting: LHB Collin Coleman 0-0: Ball
1-0: Called Strike
1-1: Foul Ball, location: 2F
1-2: Ball
2-2: Foul Ball, location: 25F
2-2: Ball
3-2: Foul Ball, location: 5F
3-2: Base on Balls
Batting: RHB Victor Ramirez 0-0: Ball
1-0: Ball
2-0: Ball
3-0: Base on Balls
Collin Coleman to second
Batting: RHB Greg Whitaker 0-0: Fly out, F8 (Flyball, 8RD, EV 93.8 MPH)
Batting: SHB Dennis Desper 0-0: Ball
1-0: Called Strike
1-1: Swinging Strike
1-2: Ball
2-2: Ball
3-2: Foul Ball, location: 5F
3-2: Strikes out swinging
Bottom of the 7th over - 0 runs, 0 hits, 0 errors, 2 left on base; Milwaukee 1 - Toronto 4
TOP OF THE 8TH
Milwaukee Brewers batting - Pitching for Toronto Blue Jays : LHP Curtis Moore
Batting: RHB Tyler Naberhaus 0-0: Ball
1-0: Swinging Strike
1-1: Foul Ball, location: 3F
1-2: Fly out, F5 (Flyball, 5D, EV 86.3 MPH)
Batting: RHB Josh Merklin 0-0: Ground out 6-3 (Groundball, 6, EV 77.5 MPH)
Batting: RHB Joey Ballard 0-0: Called Strike
0-1: Ball
1-1: Foul Ball, location: 2RF
1-2: Strikes out swinging
Top of the 8th over - 0 runs, 0 hits, 0 errors, 0 left on base; Milwaukee 1 - Toronto 4
BOTTOM OF THE 8TH
Toronto Blue Jays batting - Pitching for Milwaukee Brewers : RHP Bob McDonald
Pinch Hitting: LHB John Slaff 0-0: Called Strike
0-1: Foul Ball, location: 3FF
0-2: Fly out, F8 (Flyball, 78D, EV 107.5 MPH)
Batting: RHB Danny Daugherty 0-0: Ball
1-0: Ball
2-0: Ball
3-0: Called Strike
3-1: Base on Balls
Pitching: RHP Josh Watts
Batting: RHB Josh Sherman 0-0: Ball
1-0: Grounds into double play, 5-4-3 (Groundball, 5, EV 100.6 MPH)
Bottom of the 8th over - 0 runs, 0 hits, 0 errors, 0 left on base; Milwaukee 1 - Toronto 4
TOP OF THE 9TH
Milwaukee Brewers batting - Pitching for Toronto Blue Jays : LHP Curtis Moore
Now in RF: Ryan Ricks
Batting: RHB Byron Weaver 0-0: Called Strike
0-1: Ball
1-1: DOUBLE (Flyball, 8LXD, EV 111.3 MPH)
Pitching: RHP Adrian Korner
Batting: RHB Joe Hardie 0-0: Ball
1-0: Ball
2-0: Ball
3-0: Called Strike
3-1: Called Strike
3-2: Foul Ball, location: 7LMF
3-2: Foul Ball, location: 2RF
3-2: Strikes out swinging
Batting: LHB Alex Cruz 0-0: Called Strike
0-1: Ball
1-1: Ball
2-1: Foul Ball, location: 5F
2-2: Strikes out swinging
Pinch Hitting: SHB Mikizo Kubo 0-0: Ball
1-0: Called Strike
1-1: Ball
2-1: Ball
3-1: 2-RUN HOME RUN (Flyball, 9LD, EV 96.9 MPH), Distance : 342 ft
Pitching: RHP Blake Dickerson
Now at 3B: Brian Jones
Now at SS: Mark Spalding
Batting: SHB Roberto Lima 0-0: Foul Ball, location: 5F
0-1: Foul Ball, location: 2F
0-2: Ball
1-2: Foul Ball, location: 2F
1-2: Foul Ball, location: 2F
1-2: Ground out 4-3 (Groundball, 34, EV 108.1 MPH)
Top of the 9th over - 2 runs, 2 hits, 0 errors, 0 left on base; Milwaukee 3 - Toronto 4
Tuesday, April 16th , 2024 - OOTP Baseball 24.11 Build 85